 Dungeon Crawl Stone Soup version 0.28.0 (webtiles) character file.

Game seed: 4051150586498591562

65 horus123 the Ducker (level 3, 0/27 HPs)
             Began as a Demonspawn Gladiator on Feb 7, 2022.
             Constricted to death by a ball python (1 damage)
             ... on level 3 of the Dungeon.
             The game lasted 00:03:40 (2324 turns).

horus123 the Ducker (Demonspawn Gladiator)          Turns: 2324, Time: 00:03:41

Health: 0/27       AC: 10    Str: 14    XL:     3   Next: 94%
Magic:  3/3        EV:  0    Int:  9    God:
Gold:   77         SH: 12    Dex: 16    Spells: 2/2 levels left

rFire   . . .      SeeInvis .   a - +0 long sword
rCold   . . .      Faith    .   e - +0 tower shield
rNeg    . . .      Spirit   .   g - +0 chain mail
rPois   .          Reflect  .   c - +0 helmet
rElec   .          Harm     .   (no cloak)
rCorr   .          Rampage  .   (no gloves)
Will    .....                   (no boots)
Stlth   ..........              (no amulet)
HPRegen 0.09/turn               (no ring)
MPRegen 0.08/turn               (no ring)

@: constricted
A: rugged brown scales 1, demonic magic 1
a: no special abilities


You were on level 3 of the Dungeon.
You visited 1 branch of the dungeon, and saw 3 of its levels.

You collected 77 gold pieces.

Inventory:

Hand Weapons
 a - a +0 long sword (weapon)
Missiles
 d - 3 throwing nets (quivered)
Armour
 b - a +0 leather armour
 c - a +0 helmet (worn)
 e - a +0 tower shield (worn)
 g - a +0 chain mail (worn)
Scrolls
 h - a scroll of identify
 i - a scroll of fog
 j - a scroll of holy word
Potions
 f - a potion of brilliance


   Skills:
 - Level 2.0 Fighting
 - Level 2.6 Long Blades
 - Level 1.7 Throwing
 - Level 2.1 Armour
 + Level 3.0 Dodging
 - Level 2.0 Shields


You had 2 spell levels left.
You didn't know any spells.
Your spell library contained the following spells:

 Spells                   Type           Power      Damage    Failure   Level
 Tukima's Dance           Hex            0%         N/A       100%        3
 Anguish                  Hex/Necr       0%         N/A       100%        4
 Enfeeble                 Hex            0%         N/A       100%        7


Dungeon Overview and Level Annotations

Branches:
Dungeon (3/15)

Altars:

Annotations:
D:3 Sigmund


Innate Abilities, Weirdness & Mutations

You are partially covered in rugged brown scales. (AC +1, +3% HP)
Spells you cast may paralyse adjacent enemies.


Message History

The adder bites you but does no damage. The adder bites you.
* * * LOW HITPOINT WARNING * * *
You are poisoned.
The adder poisons you!
You feel sick.
You feel a little less clever now.
You feel sick.
You feel sick.
You feel sick. You block the adder's attack.
You feel sick.
You are no longer poisoned.
The bat hits you but does no damage. You block the bat's attack.
The adder bites you.
* * * LOW HITPOINT WARNING * * *
The hobgoblin shouts!
You hear a shout!
The bat hits you but does no damage.
The rat twitches its whiskers.
The bat hits you but does no damage. You block the ufetubus's attack.
The ufetubus hits you but does no damage.
You hit the bat.
You kill the bat!
The ufetubus barely misses you. You block the ufetubus's attack.
The ufetubus hits you but does no damage.
You block the ufetubus's attack.
Your Dodging skill increases to level 3!
You hit the hobgoblin.
You kill the hobgoblin!
You block the ufetubus's attack.
The ufetubus hits you but does no damage.
The adder bites you but does no damage.
The ball python bites you but does no damage.
You block the ball python's attack.
The ufetubus hits you but does no damage.
The ufetubus hits you.
* * * LOW HITPOINT WARNING * * *
The adder bites you but does no damage.
The ball python bites you but does no damage.
The ball python grabs you. The ball python constricts you.
You die...

#o.o..................
#o#........o..........
#B.g#...........)......#
...w###..........†........
###.. #..............>....
#. ##[.................
..bo..........#..........
...###.....##.†####......#
....[.....#....S@#
#..#...##
....#.......##.S5##..######
....$.####..##..r.#.#
.....# #........#.#
.....######..###o...######
.............# #..........
....####..#.####..g######.
...oro.o......##o#.#
..########.........#


You could see an adder, 3 orcs, an ufetubus, a hobgoblin, a ball python and a
rat.

Vanquished Creatures
  An adder (D:2)
  2 worms (D:2)
  4 dart slugs
  3 ball pythons
  2 endoplasms
  3 giant cockroaches
  5 goblins
  7 hobgoblins
  A quokka (D:3)
  5 bats
  5 frilled lizards
  2 kobolds (D:1)
  3 rats
43 creatures vanquished.

Notes
Turn   | Place    | Note
-------+----------+-------------------------------------------
     0 | D:1      | horus123 the Demonspawn Gladiator began the quest for the
                  | Orb.
     0 | D:1      | Reached XP level 1. HP: 16/16 MP: 1/1
   189 | D:1      | Reached skill level 1 in Shields
   423 | D:1      | Gained mutation: Spells you cast may paralyse adjacent
                  | enemies. [demonic ancestry]
   423 | D:1      | Reached XP level 2. HP: 22/22 MP: 2/2
   442 | D:1      | Found a faded altar of an unknown god.
  1292 | D:2      | Reached skill level 1 in Armour
  1300 | D:2      | Gained mutation: You are partially covered in rugged brown
                  | scales. (AC +1, +3% HP) [demonic ancestry]
  1300 | D:2      | Reached XP level 3. HP: 22/27 MP: 3/3
  2262 | D:3      | Noticed Sigmund
  2324 | D:3      | Reached skill level 3 in Dodging
  2324 | D:3      | HP: 1/27 [ufetubus (1)]
  2324 | D:3      | Constricted to death by a ball python

Illustrated notes

Levels and vault maps discovered:
D:1:      dpeg_arrival_signposts, layout_basic,
          hellmonk_ecumenical_altar_prayer_group, minmay_tetromino_t4
D:2:      wander_river, layout_loops_cross
D:3:      layout_rooms, serial_shops, shop, uniq_sigmund

Skill      XL: |  1  2  3 |
---------------+----------+-----
Shields        | 1 2 |  2.0
Armour         | 1 2 |  2.1
Dodging        | 3 |  3.0
Fighting       | |  2.0
Long Blades    | |  2.6
Throwing       | |  1.7

Action                   || total
-------------------------++-------
Melee: Long sword        ||   131
       Punch             ||     2
  Use: Scroll            ||     4
       Potion            ||     2
Armor: Leather armour    ||    27
       Chain mail        ||    50
Dodge: Dodged            ||    47
Block: Tower shield      ||    78
